 Dungeon Sprint DCSS version 0.27-a0-1590-g15f69828bf (webtiles) character file.

Game seed: 15137132074914377276

514439 mhtbhm the End of an Era (level 19, 113/113 HPs)
             Began as a Felid Monk on July 18, 2021.
             Was the Champion of Qazlal.
             Escaped with the Orb!
             The game lasted 00:21:01 (3844 turns).

mhtbhm the End of an Era (Felid Monk)               Turns: 3844, Time: 00:21:01

Health: 113/113    AC:  3    Str: 21    XL:     19   Next: 88%
Magic:  7/37       EV: 42    Int: 16    God:    Qazlal [******]
Gold:   0          SH: 13    Dex: 20    Spells: 41/41 levels left
                                        Lives:  2   Deaths: 3

rFire    + . .     SeeInvis +     - Unarmed
rCold    + . .     Faith    .   (shield unavailable)
rNeg     . . .     Spirit   .   (armour unavailable)
rPois    .         Reflect  +   (helmet unavailable)
rElec    +         Harm     .   (cloak unavailable)
rCorr    .         Rampage  .   (gloves unavailable)
Will     ++...     NoTele   +   (boots unavailable)
Stlth    +.........             q - amulet "Ahoofiot" {Reflect Fly Str+2 Int+4 SH+5}
HPRegen  0.28/turn              v - +6 ring of strength
MPRegen  0.25/turn              E - ring "Asheq" {rElec rF+ Slay+5}

@: flying, repel missiles, quick
A: very small, claws 1, fangs 3, see invisible, speed 1, shaggy fur 3, stealthy
paws, no weapons or thrown items, no armour, multi-lived, antennae 1, inability
to read while threatened
0: Orb of Zot
a: Renounce Religion, Upheaval, Elemental Force, Disaster Area


You escaped.
You worshipped Qazlal.
Qazlal was exalted by your worship.
You visited 1 branch

Inventory:

Jewellery
 q - the amulet "Ahoofiot" (around neck) {Reflect Fly Str+2 Int+4 SH+5}
   (You found it in the Dungeon)

   [amulet of reflection]

   It reflects blocked missile attacks.
   Str:       It affects your strength (+2).
   Int:       It affects your intelligence (+4).
   Fly:       It grants you flight.
   SH:        It affects your SH (+5).
 v - a +6 ring of strength (left paw)
 E - the ring "Asheq" (right paw) {rElec rF+ Slay+5}
   (You took it off a merfolk siren in the Dungeon)

   [ring of protection from fire]

   Slay:      It affects your accuracy & damage with ranged weapons and melee
   (+5).
   rF:        It protects you from fire.
   rElec:     It insulates you from electricity.
Wands
 z - a wand of acid (3)
Scrolls
 f - 3 scrolls of blinking
 l - 4 scrolls of amnesia
 m - 7 scrolls of fog
 n - a scroll of holy word
 o - 5 scrolls of identify
 p - 2 scrolls of fear
Potions
 a - 8 potions of curing
 b - 14 potions of heal wounds
 c - 26 potions of haste
 d - 7 potions of magic
 e - 2 potions of berserk rage
 g - 2 potions of brilliance
 h - a potion of invisibility
 i - 4 potions of resistance
 k - 7 potions of might
Miscellaneous
 r - a piece from Xom's chessboard (15/15)
 s - a phantom mirror
 x - a condenser vane
 y - a box of beasts
 A - a lightning rod (4/4)
 B - a phial of floods
 C - a tin of tremorstones (2/2)


   Skills:
 O Level 27 Fighting
 O Level 27 Dodging
 + Level 18.3 Stealth
 O Level 27 Unarmed Combat
 + Level 11.9 Spellcasting
 - Level 6.6 Conjurations
 - Level 10.3 Hexes
 - Level 7.2 Summonings
 + Level 15.5 Necromancy
 - Level 10.3 Translocations
 - Level 7.9 Transmutations
 - Level 6.6 Fire Magic
 - Level 6.1 Ice Magic
 - Level 6.1 Air Magic
 + Level 14.2 Earth Magic
 - Level 6.1 Poison Magic
 O Level 27 Invocations
 O Level 27 Evocations


You had 41 spell levels left.
You didn't know any spells.
Your spell library contained the following spells:

 Spells                   Type           Power      Damage    Failure   Level
 Animate Skeleton         Necr           100%       N/A       0%          1
 Pain                     Necr           100%       1d9       0%          1
 Apportation              Tloc           84%        N/A       1%          1
 Beastly Appendage        Tmut           68%        N/A       1%          1
 Corona                   Hex            46%        N/A       1%          1
 Foxfire                  Conj/Fire      100%       2x1d9     1%          1
 Freeze                   Ice            100%       1d11      1%          1
 Magic Dart               Conj           100%       1d8       1%          1
 Shock                    Conj/Air       100%       1d9       1%          1
 Summon Small Mammal      Summ           100%       N/A       1%          1
 Call Imp                 Summ           32%        N/A       1%          2
 Corpse Rot               Necr/Air       N/A        N/A       1%          2
 Ensorcelled Hibernation  Hex/Ice        70%        N/A       1%          2
 Passwall                 Tmut/Erth      37%        N/A       1%          2
 Poisonous Vapours        Pois/Air       58%        N/A       1%          2
 Searing Ray              Conj           60%        3d5       1%          2
 Static Discharge         Conj/Air       29%        N/A       1%          2
 Wereblood                Tmut           34%        N/A       1%          2
 Call Canine Familiar     Summ           32%        N/A       1%          3
 Dazzling Flash           Conj/Hex       72%        N/A       1%          3
 Frozen Ramparts          Ice            58%        1d7       1%          3
 Gell's Gravitas          Tloc           21%        N/A       1%          3
 Lesser Beckoning         Tloc           21%        N/A       1%          3
 Mephitic Cloud           Conj/Pois/Air  29%        N/A       1%          3
 Ozocubu's Armour         Ice            29%        N/A       1%          3
 Spider Form              Tmut/Pois      16%        N/A       1%          3
 Stone Arrow              Conj/Erth      84%        3d12      1%          3
 Swiftness                Air            29%        N/A       1%          3
 Teleport Other           Tloc           42%        N/A       1%          3
 Tukima's Dance           Hex            42%        N/A       1%          3
 Vampiric Draining        Necr           28%        2d10      1%          3
 Animate Dead             Necr           28%        N/A       1%          4
 Cause Fear               Hex            21%        N/A       1%          4
 Dispel Undead            Necr           56%        3d20      1%          4
 Petrify                  Tmut/Erth      45%        N/A       1%          4
 Agony                    Necr           56%        N/A       1%          5
 Borgnjor's Vile Clutch   Necr/Erth      27%        N/A       1%          5
 Lee's Rapid Deconstruct  Erth           26%        3d15*     1%          5
 Death Channel            Necr           28%        N/A       1%          6
 Fulminant Prism          Conj/Hex       18%        3d11      2%          4
 Iskenderun's Mystic Bla  Conj/Tloc      36%        2d9       2%          4
 Manifold Assault         Tloc           42%        N/A       3%          5
 Ice Form                 Ice/Tmut       32%        N/A       4%          4
 Sticky Flame             Conj/Fire      30%        2d5       4%          4
 Summon Ice Beast         Ice/Summ       30%        N/A       4%          4
 Summon Lightning Spire   Summ/Air       30%        N/A       4%          4
 Bolt of Magma            Conj/Fire/Erth 19%        4d10      4%          5
 Hailstorm                Conj/Ice       29%        3d8       5%          4
 Summon Forest            Summ/Tloc      18%        N/A       5%          5
 Airstrike                Air            14%        N/A       6%          4
 Olgreb's Toxic Radiance  Pois           29%        N/A       6%          4
 Metabolic Englaciation   Hex/Ice        17%        N/A       7%          5
 Silence                  Hex/Air        17%        N/A       7%          5
 Alistair's Intoxication  Tmut/Pois      21%        N/A       12%         5
 Fireball                 Conj/Fire      15%        3d8       14%         5
 Iskenderun's Battlesphe  Conj           30%        2d8       14%         5
 Simulacrum               Ice/Necr       22%        N/A       14%         6
 Lightning Bolt           Conj/Air       14%        1d28      16%         5
 Iron Shot                Conj/Erth      21%        9d5       16%         6
 Dispersal                Tloc           21%        N/A       17%         6
 Invisibility             Hex            21%        N/A       17%         6
 Shadow Creatures         Summ           N/A        N/A       52%         6
 Eringya's Noxious Bog    Tmut/Pois      16%        N/A       54%         6
 Starburst                Conj/Fire      15%        8x6d6     58%         6
 Conjure Ball Lightning   Conj/Air       14%        3x3d6     63%         6
 Malign Gateway           Summ/Tloc      18%        N/A       86%         7
 Dragon Form              Tmut           17%        N/A       94%         7
 Summon Hydra             Summ           16%        N/A       97%         7
 Spellforged Servitor     Conj/Summ      15%        N/A       98%         7
 Storm Form               Tmut/Air       16%        N/A       98%         7
 Orb of Destruction       Conj           15%        9d7       99%         7
 Ozocubu's Refrigeration  Ice            14%        4d7       99%         7
 Ignition                 Fire           15%        3d6       100%        8
 Lehudib's Crystal Spear  Conj/Erth      21%        10d6      100%        8
 Maxwell's Capacitive Co  Air            14%        ∞         100%        8
 Summon Horrible Things   Summ           16%        N/A       100%        8
 Chain Lightning          Conj/Air       14%        3d19      100%        9
 Dragon's Call            Summ           16%        N/A       100%        9
 Fire Storm               Conj/Fire      15%        8d4       100%        9
 Polar Vortex             Ice            14%        N/A       100%        9
 Animate Armour           Summ/Erth      Unusable   N/A       N/A         4

Dungeon Overview and Level Annotations

Branches:
Dungeon (1/1)

Altars:
Ashenzari
Cheibriados
Dithmenos
Elyvilon
Fedhas
Gozag
Hepliaklqana
Kikubaaqudgha
Makhleb
Nemelex Xobeh
Okawaru
Qazlal
Ru
Sif Muna
Trog
Uskayaw
Vehumet
Wu Jian
Xom
Yredelemnul
Zin
The Shining One
Beogh
Jiyva
Lugonu


Innate Abilities, Weirdness & Mutations

You have sharp claws.
You have razor-sharp teeth.
You have supernaturally acute eyesight. (SInv)
You cover ground quickly. (Speed+)
Your thick and shaggy fur keeps you warm. (AC +3, rC+)
Your paws help you pounce on unaware monsters.
You are incapable of wielding weapons or throwing items.
You cannot wear armour.
You gain extra lives every three experience levels.
You have a pair of small antennae on your head.
You sometimes lose the ability to read scrolls when taking damage.


Message History

The frost giant is severely wounded.
The blast of magma engulfs the frost giant!!!
You kill the frost giant!
Qazlal accepts your kill.
Your Stealth skill increases to level 18!
Your Earth Magic skill increases to level 14!
Unknown command.
Unknown command.
Unknown command.
Unknown command.
Unknown command.
Unknown command.
Unknown command.
Unknown command.
Unknown command.
Unknown command.
Unknown command.
Found eleven items.
Found a +0 rapier of protection, a staff of air and a +1 battleaxe of venom.
Found a transporter.
You pick up a book of Annihilations and begin reading...
You add the spell Fire Storm to your library.
Things that are here:
a +2 battleaxe of freezing; a box of beasts; a +3 leather armour of cold resistance
There is a transporter here.
An exit appears before you!
You enter the transporter and appear at another place.
Found the Orb of Zot.
Found a staircase leading out of the dungeon.
Unknown command.
You feel more experienced!
You have reached level 19!
Unknown command.
You see here the Orb of Zot.
You see here the Orb of Zot.
You pick up the Orb of Zot!
The Orb lets out a hideous shriek!
The lords of Pandemonium are not amused.
Beware!
Now all you have to do is get back out of the dungeon!
There is a staircase leading out of the dungeon here.
You have escaped!

...)."......▓.............▓...8©8
....[.......▓..▓.......▓..▓(.)[)≈
....).......▓.......≈..≈≈.▓..))))
............▓........≈≈≈≈.▓.≈).†)
............▓......©≈.≈.≈.▓..≈≈))
............▓▓▓▓▓▓▓▓▓▓▓▓▓▓▓≈....)
▓.......▓...▓8888888888888▓.≈.≈..
.▓.....▓.▓..▓8..°.°°.....8▓≈.▓.≈.
▓.......▓...▓8.§@.....©..8▓.▓.≈≈.
............▓8...........8▓≈..≈©.
....©.......▓8888888888888▓▓▓▓▓▓▓
▓▓▓▓▓▓▓▓▓▓▓▓▓▓▓▓▓▓▓▓▓▓▓▓▓▓▓▓▓▓▓▓▓
.....8©8........▓........8©8|....
...|..)=}.}|[).)▓..[.).).).=.:)..
).[..||.=)}..|..▓).))))(.(.(..)|:
..|.[).....):.|.▓.....)[)..)...()
..)...?.........▓.)...)..[.(|.)))


There were no monsters in sight!

Vanquished Creatures
  A pandemonium lord (D)
  A bone dragon (D)
  8 pearl dragons (D)
  2 Ice Fiends (D)
  An acid blob (D)
  A lich (D)
  6 deep elf master archers (D)
  2 starcursed masses (D)
  2 tentacled starspawn (D)
  7 nagarajas (D)
  A draconian scorcher (D)
  5 daevas (D)
  3 rockslimes (D)
  2 draconian monks (D)
  6 frost giants (D)
  A draconian shifter (D)
  A cacodemon (D)
  13 angels (D)
  A quicksilver ooze (D)
  6 stone giants (D)
  A spriggan defender (D)
  2 draconian stormcallers (D)
  4 ophanim (D)
  A reaper (D)
  3 vampire knights (D)
  6 green draconians (D)
  6 black draconians (D)
  7 apis (D)
  5 red draconians (D)
  3 purple draconians (D)
  5 yellow draconians (D)
  3 white draconians (D)
  5 blizzard demons (D)
  4 fire dragons (D)
  10 merfolk javelineers (D)
  10 yaktaur captains (D)
  5 merfolk impalers (D)
  12 ice dragons (D)
  3 naga warriors (D)
  5 hydras (D)
  A merfolk avatar (D)
  10 centaur warriors (D)
  4 anacondas (D)
  2 boulder beetles (D)
  A death yak (D)
  4 satyrs (D)
  4 merfolk aquamancers (D)
  3 thrashing horrors (D)
  2 spriggan berserkers (D)
  A hell knight (D)
  A sixfirhy (D)
  A wretched star (D)
  A shadow wraith (D)
  2 skeletal warriors (D)
  A flayed ghost (D)
  2 spriggan druids (D)
  3 death drakes (D)
  3 sea snakes (D)
  7 cherubim (D)
  A swamp dragon (D)
  4 necromancers (D)
  A lindwurm (D)
  A harpy (D)
  2 wolf spiders (D)
  3 manticores (D)
  A cyclops (shapeshifter) (D)
  4 ugly things (D)
  2 shining eyes (D)
  12 cyclopes (D)
  3 elephants (D)
  4 guardian serpents (D)
  A water nymph (D)
  4 black mambas (D)
  6 merfolk sirens (D)
  4 naga magi (D)
  3 smoke demons (D)
  An orange demon (D)
  7 komodo dragons (D)
  A cane toad (shapeshifter) (D)
  3 cane toads (D)
  9 yaktaurs (D)
  9 rime drakes (D)
  6 freezing wraiths (D)
  An unseen horror (shapeshifter) (D)
  A hellwing (D)
  8 ice devils (D)
  4 merfolk (D)
  6 ancient zymes (D)
  2 guardian mummies (D)
  A red devil (D)
  A meliai (shapeshifter) (D)
  3 jumping spiders (D)
  A blink frog (D)
  2 wind drakes (D)
  6 polar bears (D)
  A dream sheep (D)
  4 raiju (D)
  7 slime creatures (D)
  2 snapping turtles (D)
  4 flying skulls (D)
  An ushabti (D)
  2 ynoxinuls (D)
  6 shadows (D)
  A tarantella (D)
  6 wraiths (D)
  A water elemental (D)
  3 wyverns (D)
  3 yaks (D)
  2 vampires (D)
  6 large abominations (D)
  3 steam dragons (D)
  A chaos spawn (D)
  3 neqoxecs (D)
  6 basilisks (D)
  6 nagas (D)
  7 water moccasins (D)
  A hell hound (D)
  7 ice beasts (D)
  A black bear (shapeshifter) (D)
  A sky beast (shapeshifter) (D)
  A necrophage (D)
  An ice beast (shapeshifter) (D)
  A wolf (D)
  A wolf (shapeshifter) (D)
  12 centaurs (D)
  5 small abominations (D)
  6 bullfrogs (D)
  4 scorpions (D)
  5 wights (D)
  A crimson imp (D)
  2 quasits (D)
  2 iron imps (D)
  A jelly (D)
  A hell rat (D)
  4 mummies (D)
  2 adders (D)
  2 shadow imps (D)
  7 white imps (D)
  3 adder zombies (D)
  3 adder skeletons (D)
  2 adder simulacra (D)
  2 bat skeletons (D)
  4 bat zombies (D)
  3 endoplasms (D)
  3 ball pythons (D)
  2 ball python simulacra (D)
  2 ball python zombies (D)
  2 bat simulacra (D)
  3 giant cockroach zombies (D)
  2 quokka simulacra (D)
  A quokka zombie (D)
  3 starspawn tentacles (D)
529 creatures vanquished.

Vanquished Creatures (collateral kills)
  An apis (D)
1 creature vanquished.

Vanquished Creatures (others)
  3 starspawn tentacles (D)
3 creatures vanquished.

Grand Total: 533 creatures vanquished

Notes
Turn   | Place    | Note
-------+----------+-------------------------------------------
     0 | D        | mhtbhm the Felid Monk began the quest for the Orb.
     0 | D        | Reached XP level 1. HP: 10/10 MP: 2/2
     0 | D        | Found a shimmering blue altar of Sif Muna.
     0 | D        | Found a bloodstained altar of Trog.
     0 | D        | Found a sacrificial altar of Ru.
     0 | D        | Found a stormy altar of Qazlal.
     0 | D        | Found an iron altar of Okawaru.
     1 | D        | Found a sparkling altar of Nemelex Xobeh.
     1 | D        | Found a blossoming altar of Fedhas.
     2 | D        | Found the +6 Majin-Bo {vamp, MP+6 Int+6}
     2 | D        | Found the +9 heavy crossbow "Sniper" {vorpal, Acc+∞ SInv}
     2 | D        | Found the +10 dark maul {vorpal}
     2 | D        | Found the +15 Maxwell's patent armour {-Cast -Tele rElec
                  | Will+ rCorr}
     2 | D        | Found the +18 shield of the Gong {rElec rN+ Will+ EV-5}
     2 | D        | Found the +14 obsidian axe {vorpal, Drain Fly SInv}
     2 | D        | Found the +7 great mace "Firestarter" {inner flame, rF++}
     2 | D        | Found the +6 shillelagh "Devastator" {shatter}
     2 | D        | Found the +11 plutonium sword {Contam Stlth-}
     2 | D        | Found the +8 lance "Wyrmbane" {slay drac, rPois rF+ rC+
                  | AC+3}
     2 | D        | Found the +9 sword of Zonguldrok {reap}
     2 | D        | Found the +13 scythe of Curses {drain, Drain}
     2 | D        | Found the +5 sword of Power {vorpal}
     2 | D        | Found the +7 mace of Variability {chain chaos}
     2 | D        | Found the +7 Singing Sword {vorpal, sonic wave}
     2 | D        | Found the +8 storm bow {elec, penet}
     3 | D        | Found a transporter.
     3 | D        | Found an ancient bone altar of Kikubaaqudgha.
     3 | D        | Found a viscous altar of Jiyva.
     3 | D        | Found a corrupted altar of Lugonu.
     3 | D        | Found a hazy altar of Hepliaklqana.
     3 | D        | Found a burning altar of Makhleb.
     3 | D        | Found an opulent altar of Gozag.
    38 | D        | Became a worshipper of Qazlal Stormbringer
    38 | D        | Reached * piety under Qazlal
    38 | D        | Reached ** piety under Qazlal
    51 | D        | Entered arena 2.
    51 | D        | Noticed a jelly
    51 | D        | Found a transporter.
    53 | D        | Killed a jelly
    54 | D        | Reached XP level 2. HP: 15/15 MP: 3/3
    54 | D        | Reached XP level 3. HP: 18/18 MP: 4/4
    58 | D        | Got the amulet "Ahoofiot" {Reflect Fly Str+2 Int+4 SH+5}
    67 | D        | Entered arena 3.
    67 | D        | Noticed a sky beast
    67 | D        | Noticed a wolf
    67 | D        | Noticed an ice beast
    67 | D        | Found a transporter.
    69 | D        | Killed a sky beast
    70 | D        | Reached skill level 5 in Fighting
    70 | D        | Reached skill level 5 in Unarmed Combat
    70 | D        | Reached XP level 4. HP: 24/24 MP: 4/7
    71 | D        | Killed an ice beast
    71 | D        | Reached *** piety under Qazlal
    72 | D        | Reached skill level 1 in Evocations
    72 | D        | Reached XP level 5. HP: 28/28 MP: 4/8
    75 | D        | Killed a wolf
    76 | D        | Gained mutation: You are covered in thick fur. (AC +2)
                  | [Felid growth]
    76 | D        | Reached XP level 6. HP: 31/33 MP: 4/10
    85 | D        | Entered arena 4.
    85 | D        | Noticed a green ugly thing
    85 | D        | Noticed a brown ugly thing
    85 | D        | Noticed a cyan ugly thing
    85 | D        | Noticed a human
    85 | D        | Found a transporter.
    86 | D        | Identified the +3 hand crossbow of the Many Cities {vorpal,
                  | rElec rC- SInv}
    93 | D        | Noticed a wyvern
    93 | D        | a human changed into a wyvern
    95 | D        | Noticed a hornet
    95 | D        | a wyvern changed into a hornet
    96 | D        | Killed a red ugly thing
    96 | D        | Killed a green ugly thing
    97 | D        | Reached skill level 5 in Stealth
    97 | D        | Reached XP level 7. HP: 24/38 MP: 6/13
    97 | D        | Reached XP level 8. HP: 26/42 MP: 6/14
    98 | D        | Killed a brown ugly thing
    98 | D        | Reached **** piety under Qazlal
    98 | D        | Paralysed by a hornet for 3 turns
    99 | D        | Reached skill level 10 in Unarmed Combat
    99 | D        | Reached skill level 5 in Evocations
    99 | D        | Slain by a hornet (shapeshifter)
   100 | D        | Reached XP level 7. HP: -4/39 MP: 7/13
   268 | D        | Noticed an unseen horror
   273 | D        | Killed an unseen horror
   274 | D        | Reached skill level 10 in Fighting
   288 | D        | Entered arena 5.
   288 | D        | Noticed a jumping spider
   288 | D        | Noticed a jumping spider
   288 | D        | Found a transporter.
   290 | D        | Reached XP level 8. HP: 37/43 MP: 15/15
   293 | D        | Killed a jumping spider
   293 | D        | Killed a jumping spider
   433 | D        | Entered arena 6.
   433 | D        | Found a transporter.
   435 | D        | Reached ***** piety under Qazlal
   454 | D        | Entered arena 7.
   454 | D        | Noticed a cane toad
   454 | D        | Noticed a komodo dragon
   455 | D        | Killed a cane toad
   456 | D        | Reached XP level 9. HP: 47/47 MP: 8/17
   457 | D        | Found a transporter.
   461 | D        | Killed a komodo dragon
   468 | D        | Got the ring "Eleuw" {Will+ rCorr Slay+2}
   472 | D        | Got the Catalogue of the Ashen Compass
   519 | D        | Entered arena 8.
   519 | D        | Noticed a wolf spider
   519 | D        | Noticed a jumping spider
   519 | D        | Noticed a wolf spider
   520 | D        | Killed a jumping spider
   522 | D        | Found a transporter.
   526 | D        | HP: 1/48 [wolf spider (11)]
   527 | D        | Mangled by a wolf spider
   528 | D        | Reached XP level 8. HP: -6/45 MP: 11/16
   534 | D        | Killed a wolf spider
   535 | D        | Reached skill level 10 in Invocations
   535 | D        | Reached XP level 9. HP: 48/48 MP: 17/17
   535 | D        | Killed a wolf spider
   581 | D        | Entered arena 9.
   581 | D        | Noticed a meliai
   581 | D        | Noticed a cyclops
   581 | D        | Noticed a meliai
   581 | D        | Noticed a red ugly thing
   581 | D        | Noticed a shining eye
   581 | D        | Noticed a black mamba
   581 | D        | a meliai changed into a black mamba
   581 | D        | Gained mutation: You have a pair of small antennae on your
                  | head. [a shining eye]
   583 | D        | Killed a red ugly thing
   583 | D        | a black mamba changed into a black bear
   583 | D        | Noticed a cane toad
   583 | D        | a basilisk changed into a cane toad
   584 | D        | Reached skill level 15 in Dodging
   584 | D        | Killed a cyclops
   584 | D        | Killed a cane toad
   584 | D        | Killed a meliai
   584 | D        | Reached ****** piety under Qazlal
   584 | D        | Killed a shining eye
   585 | D        | Reached XP level 10. HP: 52/52 MP: 3/19
   585 | D        | Found a transporter.
   591 | D        | Reached skill level 10 in Evocations
   604 | D        | Got the ring "Ahoppay" {rPois Str+4}
   689 | D        | Entered arena 10.
   689 | D        | Noticed a thrashing horror
   689 | D        | Noticed a tentacled starspawn
   692 | D        | Found a transporter.
   696 | D        | Killed a thrashing horror
   697 | D        | Killed a tentacled starspawn
   908 | D        | Entered arena 11.
   926 | D        | Found a transporter.
  1003 | D        | Entered arena 12.
  1003 | D        | Noticed a death yak
  1003 | D        | Noticed a five-headed hydra
  1003 | D        | Noticed a boulder beetle
  1006 | D        | Killed a five-headed hydra
  1006 | D        | Killed a death yak
  1007 | D        | Reached XP level 11. HP: 57/57 MP: 14/23
  1008 | D        | Found a transporter.
  1012 | D        | Killed a boulder beetle
  1013 | D        | Reached skill level 15 in Invocations
  1069 | D        | Entered arena 13.
  1069 | D        | Noticed a merfolk javelineer
  1069 | D        | Noticed a merfolk javelineer
  1070 | D        | Noticed a merfolk aquamancer
  1070 | D        | Identified the +10 dire flail "Concordance" {holy, rElec
                  | Str+3}
  1070 | D        | Noticed a merfolk aquamancer
  1070 | D        | Noticed a merfolk impaler
  1070 | D        | Noticed a satyr
  1072 | D        | Killed a merfolk aquamancer
  1072 | D        | Killed a merfolk javelineer
  1072 | D        | Killed a merfolk javelineer
  1072 | D        | Killed a merfolk impaler
  1073 | D        | Killed a merfolk aquamancer
  1073 | D        | Killed a satyr
  1074 | D        | Gained mutation: Your thick and shaggy fur keeps you warm.
                  | (AC +3, rC+) [Felid growth]
  1074 | D        | Reached XP level 12. HP: 61/61 MP: 9/25
  1156 | D        | Found a transporter.
  1193 | D        | Entered arena 14.
  1194 | D        | Noticed a four-headed hydra
  1198 | D        | Killed a four-headed hydra
  1237 | D        | Found a transporter.
  1256 | D        | Got the ring "Fimofem" {+Blink rCorr}
  1286 | D        | Entered arena 15.
  1286 | D        | Noticed a merfolk aquamancer
  1286 | D        | Noticed a merfolk javelineer
  1287 | D        | Noticed a merfolk impaler
  1287 | D        | Noticed a merfolk impaler
  1287 | D        | Noticed a merfolk impaler
  1287 | D        | Noticed a satyr
  1288 | D        | Noticed a satyr
  1290 | D        | Killed a satyr
  1290 | D        | Killed a merfolk javelineer
  1290 | D        | Killed a merfolk impaler
  1290 | D        | Killed a satyr
  1290 | D        | Killed a merfolk impaler
  1290 | D        | Killed a merfolk impaler
  1294 | D        | Killed a merfolk aquamancer
  1295 | D        | Found a transporter.
  1373 | D        | Got the ring "Moumitoa" {Ice Dex+6}
  1392 | D        | Entered arena 16.
  1392 | D        | Noticed a yaktaur captain
  1393 | D        | Noticed a deep elf master archer
  1393 | D        | Noticed a deep elf master archer
  1393 | D        | Noticed a yaktaur captain
  1393 | D        | Noticed a merfolk javelineer
  1394 | D        | Noticed a merfolk javelineer
  1395 | D        | Killed a deep elf master archer
  1395 | D        | Killed a deep elf master archer
  1395 | D        | Killed a merfolk javelineer
  1395 | D        | Killed a yaktaur captain
  1395 | D        | Killed a yaktaur captain
  1395 | D        | Killed a merfolk javelineer
  1396 | D        | Reached skill level 15 in Unarmed Combat
  1396 | D        | Reached XP level 13. HP: 20/64 MP: 20/29
  1523 | D        | Found a transporter.
  1537 | D        | Got the Disquisition on Darkness and the Rocks
  1624 | D        | Entered arena 17.
  1626 | D        | Noticed an acid blob
  1626 | D        | Noticed a rockslime
  1626 | D        | Noticed a rockslime
  1626 | D        | Noticed a quicksilver ooze
  1627 | D        | Noticed a rockslime
  1628 | D        | Killed a rockslime
  1628 | D        | Killed a quicksilver ooze
  1628 | D        | Killed a rockslime
  1630 | D        | Killed an acid blob
  1630 | D        | Killed a rockslime
  1697 | D        | Found a transporter.
  1703 | D        | Got the Almanac of Transmigration
  1753 | D        | Entered arena 18.
  1754 | D        | Noticed a merfolk impaler
  1755 | D        | Identified the +12 halberd of Imeuhut {vorpal, Dex+3}
  1755 | D        | Noticed a merfolk javelineer
  1757 | D        | Killed a merfolk impaler
  1758 | D        | Reached XP level 14. HP: 31/69 MP: 23/31
  1760 | D        | Identified the ring "Asheq" {rElec rF+ Slay+5}
  1764 | D        | Found a transporter.
  1771 | D        | Slain by a merfolk
  1772 | D        | Reached XP level 13. HP: -3/64 MP: 11/31
  1947 | D        | Entered arena 19.
  1950 | D        | Noticed a reaper
  1951 | D        | Killed a reaper
  1956 | D        | Found a transporter.
  1985 | D        | Got the ring "Dourhuanoah" {Fire Dex+3 SInv}
  2019 | D        | Entered arena 20.
  2023 | D        | Noticed a fire dragon
  2023 | D        | Noticed a fire dragon
  2024 | D        | Noticed a fire dragon
  2025 | D        | Killed a fire dragon
  2026 | D        | Reached skill level 27 in Invocations
  2026 | D        | Killed a fire dragon
  2026 | D        | Killed a fire dragon
  2026 | D        | Noticed a fire dragon
  2027 | D        | Reached skill level 15 in Evocations
  2027 | D        | Found the +2 Maxwell's thermic engine {flame, freeze}
  2031 | D        | Found a transporter.
  2035 | D        | Killed a fire dragon
  2095 | D        | Got the Collected Works on Clay and Snow
  2101 | D        | Got the ring "Asisutia" {rC+ EV+4}
  2243 | D        | Entered arena 21.
  2248 | D        | Noticed a spriggan defender
  2249 | D        | Killed a spriggan defender
  2250 | D        | Reached XP level 14. HP: 69/69 MP: 24/32
  2253 | D        | Found a transporter.
  2286 | D        | Got the Reference Book on Noxious Orientation
  2329 | D        | Entered arena 22.
  2332 | D        | Noticed a vampire knight
  2333 | D        | Noticed a vampire knight
  2334 | D        | Identified the ring of Puod Ecepoi {rPois rCorr}
  2335 | D        | Noticed a lich
  2335 | D        | Killed a vampire knight
  2335 | D        | Killed a lich
  2335 | D        | Killed a vampire knight
  2336 | D        | Identified the +8 arbalest of Joilith {penet, rCorr Dex+4
                  | Stlth+}
  2338 | D        | Found the +8 orange crystal plate armour {Archmagi, Int+3
                  | Clar}
  2338 | D        | Found a transporter.
  2338 | D        | Noticed a vampire knight
  2349 | D        | Killed a vampire knight
  2362 | D        | Got the amulet of Fiozxea {Regen+ rCorr Int+4 Dex+2}
  2373 | D        | Got the Guide on Lightness
  2376 | D        | Got the Collected Works on Contamination and Air
  2461 | D        | Entered arena 23.
  2466 | D        | Noticed a purple draconian stormcaller
  2466 | D        | Noticed a yellow draconian scorcher
  2467 | D        | Noticed a purple draconian shifter
  2468 | D        | Killed a purple draconian stormcaller
  2469 | D        | Noticed a yellow draconian monk
  2470 | D        | Noticed a green draconian monk
  2470 | D        | Killed a yellow draconian scorcher
  2470 | D        | Killed a purple draconian shifter
  2470 | D        | Noticed a green draconian stormcaller
  2471 | D        | Reached XP level 15. HP: 73/73 MP: 18/33
  2471 | D        | Killed a yellow draconian monk
  2471 | D        | Killed a green draconian monk
  2480 | D        | Found a transporter.
  2591 | D        | Got the Handbook of Creative Displacement
  2669 | D        | Acquired a manual of Fighting
  2682 | D        | Entered arena 24.
  2690 | D        | Identified the +9 rapier "Xurafacis" {vamp, Int+2}
  2690 | D        | Noticed a nagaraja
  2690 | D        | Noticed a nagaraja
  2690 | D        | Noticed a nagaraja
  2692 | D        | Noticed a nagaraja
  2692 | D        | Killed a nagaraja
  2692 | D        | Killed a nagaraja
  2693 | D        | Identified the +10 falchion "Yczusieh" {venom, rF++ Will-
                  | MP+9 Str+4}
  2693 | D        | Noticed a nagaraja
  2693 | D        | Identified the +12 battleaxe "Etiddamu" {venom, +Blink
                  | rElec Int-5}
  2693 | D        | Noticed a nagaraja
  2695 | D        | Killed a nagaraja
  2695 | D        | Killed a nagaraja
  2695 | D        | Killed a nagaraja
  2696 | D        | Reached XP level 16. HP: 41/79 MP: 19/34
  2887 | D        | Found a transporter.
  2903 | D        | Got the amulet "Yhuogamu" {Reflect +Inv Int+3 SH+5}
  2942 | D        | Got the Papyrus of the Lethal Volcanoes
  2964 | D        | Entered arena 25.
  2970 | D        | Noticed a pearl dragon
  2970 | D        | Noticed a pearl dragon
  2970 | D        | Noticed a pearl dragon
  2972 | D        | Noticed a pearl dragon
  2972 | D        | Killed a pearl dragon
  2972 | D        | Killed a pearl dragon
  2972 | D        | Killed a pearl dragon
  2972 | D        | Killed a pearl dragon
  2972 | D        | Identified the +3 chain mail of Nemelex Xobeh's Whim {rPois
                  | Dex-2 Slay+2 Stlth+}
  2973 | D        | Noticed a pearl dragon
  2973 | D        | Identified the +3 hand crossbow "Ekes" {flame, Str+2 Int+2}
  2973 | D        | Noticed a pearl dragon
  2975 | D        | Noticed a pearl dragon
  2975 | D        | Killed a pearl dragon
  2975 | D        | Identified the +3 robe "Zaleps" {rCorr}
  2976 | D        | Reached skill level 15 in Fighting
  2976 | D        | Reached skill level 27 in Evocations
  2976 | D        | Killed a pearl dragon
  2976 | D        | Killed a pearl dragon
  2976 | D        | Killed a pearl dragon
  2977 | D        | Reached skill level 27 in Dodging
  2977 | D        | Reached skill level 27 in Unarmed Combat
  2977 | D        | Reached XP level 17. HP: 42/90 MP: 14/35
  2979 | D        | Identified the ring of the Unstoppable Dreams {rPois rC+
                  | rN+ MP-9 Str+2}
  2980 | D        | Identified the +3 broad axe of Coteimer {antimagic, rCorr
                  | Str+4 Int+3 Stlth-}
  2982 | D        | Identified the +10 mace of Pestilence {vorpal, rPois rN+}
  3126 | D        | Found a transporter.
  3266 | D        | Entered arena 26.
  3275 | D        | Noticed a bone dragon
  3276 | D        | Noticed Zufaqit the pandemonium lord
  3278 | D        | Identified the ring "Ysenis" {Will- AC+4 Int+3 Dex+3
                  | Stlth+}
  3278 | D        | Gained mutation: You sometimes lose the ability to read
                  | scrolls when taking damage. [a cacodemon]
  3281 | D        | Killed a bone dragon
  3281 | D        | Killed Zufaqit the pandemonium lord
  3282 | D        | Reached skill level 27 in Fighting
  3285 | D        | Found the +8 Wrath of Trog {antimagic, *Rage Rampage}
  3286 | D        | Reached skill level 1 in Ice Magic
  3286 | D        | Reached skill level 1 in Air Magic
  3286 | D        | Reached skill level 1 in Poison Magic
  3290 | D        | Found a transporter.
  3314 | D        | Got the amulet of Towass {RegenMP Harm Will- rCorr}
  3369 | D        | Got the ring of Tenanuen {rC+ Str+3 Dex+2 Stlth+}
  3574 | D        | Entered arena 27.
  3581 | D        | Noticed a deep elf master archer
  3581 | D        | Noticed a deep elf master archer
  3582 | D        | Noticed a deep elf master archer
  3584 | D        | Killed a deep elf master archer
  3584 | D        | Killed a deep elf master archer
  3584 | D        | Killed a deep elf master archer
  3585 | D        | Reached skill level 10 in Stealth
  3585 | D        | Reached skill level 5 in Spellcasting
  3585 | D        | Reached skill level 5 in Conjurations
  3585 | D        | Reached skill level 5 in Summonings
  3585 | D        | Reached skill level 5 in Fire Magic
  3585 | D        | Reached XP level 18. HP: 85/109 MP: 28/36
  3585 | D        | Found the +8 autumn katana {vorpal, Clar}
  3585 | D        | Identified the ring of Zioc Erch {Ice +Blink Will- Str+8
                  | Stlth-}
  3585 | D        | Identified the +2 dagger of the Ten Seers {vorpal, *Corrode
                  | rN+ Str+3 Dex+2}
  3587 | D        | Reached skill level 5 in Ice Magic
  3587 | D        | Reached skill level 5 in Air Magic
  3587 | D        | Reached skill level 5 in Poison Magic
  3587 | D        | Identified the +5 triple sword of Integrity {flame, Stlth+}
                  | (You took it off a centaur in the Dungeon)
  3589 | D        | Found the +10 zealot's sword {holy, *Rage rN+ EV+3}
  3589 | D        | Found the ring of the Octopus King {rC+ AC+1 EV+1 Str+1
                  | Int+1 Dex+1}
  3589 | D        | Found a transporter.
  3592 | D        | Reached skill level 10 in Hexes
  3592 | D        | Reached skill level 10 in Necromancy
  3592 | D        | Reached skill level 10 in Translocations
  3680 | D        | Got a ring of the Octopus King {rC+ AC+1 EV+1 Str+1 Int+1
                  | Dex+1}
  3688 | D        | Got the Guide on Ice
  3803 | D        | Entered arena 28.
  3814 | D        | Noticed an Ice Fiend
  3817 | D        | Reached skill level 15 in Stealth
  3818 | D        | Killed an Ice Fiend
  3818 | D        | Killed an Ice Fiend
  3819 | D        | Reached skill level 15 in Necromancy
  3821 | D        | Found the +3 crown of Dyrovepreva {rElec Int+2 SInv}
  3823 | D        | Found the +3 robe of Clouds {+Thunder rCloud rElec}
  3823 | D        | Found a transporter.
  3833 | D        | Reached XP level 19. HP: 113/113 MP: 5/37
  3839 | D        | Got the Orb of Zot
  3844 | D        | Escaped with the Orb!

Illustrated notes

Levels and vault maps discovered:
D:        sprint_v [room_start, room_1, room_2, room_3, room_4, room_5, room_6,
          room_7, room_8, room_9, room_10, room_11, room_12, room_13, room_14,
          room_15, room_16, room_17, room_18, room_19, room_20, room_21,
          room_22, room_23, room_24, room_25, room_26, room_27]

Skill      XL: |  1  2  3  4  5  6  7  8  9 10 11 12 13 14 15 16 17 18 |
---------------+-------------------------------------------------------+-----
Fighting       | 4 5 6 7 9 10 11 12 13 18 27 | 27.0
Dodging        | 6 7 8 9 11 13 15 16 17 18 20 21 23 27 | 27.0
Stealth        | 3 4 5 6 7 10 18 | 18.3
Unarmed Combat | 4 5 6 7 9 12 13 14 15 17 20 23 27 | 27.0
Invocations    | 2 3 4 7 8 10 11 14 17 22 27 26 | 27.0
Evocations     | 1 4 7 9 11 12 17 21 24 27 | 27.0
Spellcasting   | 5 11 | 11.9
Conjurations   | 5 6 |  6.6
Hexes          | 8 10 | 10.3
Summonings     | 5 7 |  7.2
Necromancy     | 8 15 | 15.5
Translocations | 8 10 | 10.3
Transmutations | 6 7 |  7.9
Fire Magic     | 5 6 |  6.6
Ice Magic      | 4 6 |  6.1
Air Magic      | 4 6 |  6.1
Earth Magic    | 6 14 | 14.2
Poison Magic   | 4 6 |  6.1

Action                   |  1- 3 |  4- 6 |  7- 9 | 10-12 | 13-15 | 16-18 | 19-21 || total
-------------------------+-------+-------+-------+-------+-------+-------+-------++-------
Melee: Unarmed           |     1 |     4 |    26 |    16 |    28 |     9 |       ||    84
       Bite              |       |     1 |     1 |     5 |     4 |       |       ||    11
       Punch             |       |       |     1 |     3 |     1 |     3 |       ||     8
Invok: Disaster Area     |       |       |     4 |    10 |    17 |    17 |       ||    48
Evoke: Wand              |     3 |     7 |     6 |     1 |     1 |       |       ||    18
       Lightning rod     |       |     3 |     4 |     2 |     2 |     4 |       ||    15
       Condenser vane    |       |       |       |     7 |    11 |     9 |       ||    27
       Piece from Xom's  |       |       |       |       |     1 |       |       ||     1
       Tin of tremorston |       |       |       |       |     1 |       |       ||     1
       Phantom mirror    |       |       |       |       |       |     1 |       ||     1
  Use: Scroll            |       |     1 |       |       |     1 |       |       ||     2
       Potion            |       |       |     2 |       |     3 |     4 |       ||     9
Armor: Skin              |       |       |     1 |       |       |       |       ||     1
Dodge: Dodged            |       |     5 |    36 |    18 |    22 |    36 |       ||   117
       Repelled          |       |       |       |     2 |     3 |     1 |       ||     6
Block: Other             |       |     3 |    25 |    12 |    22 |    19 |       ||    81
       Reflection        |       |       |       |     3 |     1 |    16 |       ||    20

Table legend: (Time is in decaauts)
 A = Elapsed time spent in this place.
 B = Non-inter-level travel time spent in this place.
 C = Inter-level travel time spent in this place.
 D = Time resting spent in this place.
 E = Time spent auto-exploring this place.
 F = Levels seen in this place.
 G = Mean time per level.
                   A        B        C        D        E       F      G
               +--------+--------+--------+--------+--------+-----+--------+
         Total |   3555 |   3555 |      0 |   2060 |     35 |   1 | 3555.0 |
       Dungeon |   3555 |   3555 |      0 |   2060 |     35 |   1 | 3555.0 |
               +--------+--------+--------+--------+--------+-----+--------+

Top non-repeatable levels by time:
       D: 3555 daAuts
